 Dungeon Crawl Stone Soup version 0.31.0-12-g77e489cdc1 (webtiles) character file.

Game seed: 7072603360517486150

1810 bobo the Skirmisher (level 9, -1/69 HPs)
             Began as a Gnoll Hunter on Feb 18, 2024.
             Was an Initiate of Fedhas.
             Slain by an orc warrior
             ... wielding a +0 hand axe
              (6 damage)
             ... on level 5 of the Dungeon on Feb 28, 2024.
             The game lasted 00:19:56 (4783 turns).

bobo the Skirmisher (Gnoll Hunter)                  Turns: 4783, Time: 00:19:57

Health: -1/69      AC:  4    Str:  9    XL:     9   Next: 10%
Magic:  15/15      EV: 14    Int: 12    God:    Fedhas [......]
Gold:   296        SH:  5    Dex: 16    Spells: 13/16 levels left

rFire   . . .        g - +2 short sword (flame)
rCold   . . .        (no shield)
rNeg    . . .        c - +0 leather armour
rPois   .            (no helmet)
rElec   .            (no cloak)
rCorr   .            l - +0 pair of gloves
SInv    .            (no boots)
Will    .....        b - amulet of reflection
Stlth   +++          (no ring)
HPRegen 1.11/turn    (no ring)
MPRegen 0.14/turn

%: reflection
@: no status effects
A: fangs 1, strong nose, distributed training, clever 1, clumsy 1, regeneration
1, weak 1
a: Renounce Religion


You were on level 5 of the Dungeon.
You worshipped Fedhas.
Fedhas was noncommittal.
You visited 1 branch of the dungeon, and saw 6 of its levels.

You collected 296 gold pieces.

Inventory:

Hand Weapons
 g - a +2 short sword of flaming (weapon)
 m - a +3 sling
Armour
 c - a +0 leather armour (worn)
 l - a +0 pair of gloves (worn)
Jewellery
 b - an amulet of reflection (around neck)
 d - a ring of magical power
 f - a ring of positive energy
Wands
 a - a wand of charming (9)
Scrolls
 h - 3 scrolls of enchant weapon
 i - a scroll of vulnerability
 j - 2 scrolls of poison
 k - a scroll of butterflies
 o - a scroll of amnesia
 r - 2 scrolls of fog
 s - a scroll of immolation
Potions
 e - a potion of ambrosia {unknown}
 n - 3 potions of enlightenment
 p - a potion of magic


   Skills:
 + Level 6.2 Fighting
 + Level 4.0 Short Blades
 + Level 4.0 Long Blades
 + Level 4.0 Axes
 + Level 4.0 Maces & Flails
 + Level 4.0 Polearms
 + Level 4.0 Staves
 + Level 9.5 Ranged Weapons
 + Level 4.0 Throwing
 + Level 4.0 Armour
 + Level 6.2 Dodging
 + Level 4.7 Stealth
 + Level 4.0 Shields
 + Level 4.0 Unarmed Combat
 + Level 4.0 Spellcasting
 + Level 3.3 Conjurations
 + Level 3.3 Hexes
 + Level 3.3 Summonings
 + Level 3.3 Necromancy
 + Level 3.3 Translocations
 + Level 3.3 Fire Magic
 + Level 3.3 Ice Magic
 + Level 3.3 Air Magic
 + Level 3.3 Earth Magic
 + Level 3.3 Alchemy
 + Level 4.4 Invocations
 + Level 4.0 Evocations
 + Level 3.6 Shapeshifting


You had 13 spell levels left.
You knew the following spells:

 Your Spells              Type           Power      Damage    Failure   Level
a - Confusing Touch       Hex            10%        N/A       22%         3

Your spell library contained the following spells:

 Spells                   Type           Power      Damage    Failure   Level
 Slow                     Hex            40%        N/A       8%          1
 Lesser Beckoning         Tloc           20%        N/A       12%         2
 Gell's Gravitas          Tloc           10%        N/A       22%         3
 Sigil of Binding         Hex            10%        N/A       22%         3
 Teleport Other           Tloc           10%        N/A       22%         3
 Vampiric Draining        Necr           10%        2d6       22%         3


Dungeon Overview and Level Annotations

Branches:
Dungeon (6/15)             Temple (0/1) D:6

Altars:
Cheibriados
Dithmenos
Fedhas
Hepliaklqana
Zin

Annotations:
D:3 3 runed translucent doors, turdburglar's ghost, amateur MfSh


Innate Abilities, Weirdness & Mutations

You have very sharp teeth.
Your uncanny sense of smell can sniff out nearby items.
Your experience applies equally to all skills.
Your mind is acute. (Int +4, Str/Dex -1)
You are clumsy. (Dex -2)
Your natural rate of healing is unusually fast.
You are weak. (Str -2)


Message History

The orc warrior is heavily wounded.
You block the orc warrior's attack.
You barely miss the orc warrior.
The orc warrior is heavily wounded.
The orc warrior barely misses you.
You closely miss the orc warrior.
The orc warrior is heavily wounded.
The orc warrior hits you with a +0 hand axe!
You are too injured to fight recklessly!
You are too injured to fight recklessly!
You are too injured to fight recklessly!
You are too injured to fight recklessly!
You hit the orc warrior but do no damage.
The orc warrior is heavily wounded.
You hit the orc warrior but do no damage.
The orc warrior is heavily wounded.
The orc warrior hits you with a +0 hand axe!
You hit the orc warrior but do no damage.
The orc warrior is heavily wounded.
The orc warrior completely misses you.
You hit the orc warrior but do no damage.
Your bite misses the orc warrior.
The orc warrior is heavily wounded.
You block the orc warrior's attack.
You hit the orc warrior but do no damage.
The orc warrior is heavily wounded.
The orc warrior hits you with a +0 hand axe!
* * * LOW HITPOINT WARNING * * *
You hit the orc warrior. You burn the orc warrior.
The orc warrior is severely wounded.
You hit the orc warrior but do no damage.
The orc warrior is severely wounded.
The orc warrior hits you with a +0 hand axe!
* * * LOW HITPOINT WARNING * * *
You hit the orc warrior but do no damage.
You punch the orc warrior, but do no damage.
The orc warrior is severely wounded.
The orc warrior hits you with a +0 hand axe.
You die...
Fedhas appreciates your contribution to the ecosystem.

####### #...### #.
##.##..## ###..##.###.
#....†..###........... ###
##..##.......##.......
##.####...........#####...<
##...#.......#.[##.# #....
#...........##.###.## #....
#.........o.##..##..# ###..
##.........@#....##.#
###...
#..#..........#.##.###.....
#####............#...#..###
#............###....## #
##......####......#.####
##........#.....##..##.
#.......♣♣♣♣+♣♣♣♣#..###
#####.......'.......'..####
#..#........♣.#...#.♣#..##.


You could see an orc warrior.

Vanquished Creatures
  Eustachio (D:4)
  Menkaure (D:6)
  A water moccasin (D:6)
  An orc warrior (D:6)
  2 black bears
  3 phantoms
  A centaur (D:5)
  3 scorpions (D:5)
  2 howler monkeys
  3 electric eels (D:6)
  2 bombardier beetles (D:5)
  An orc priest (D:6)
  Jessica (D:2)
  Terence (D:2)
  An iguana (D:4)
  5 orc wizards
  9 adders
  A white imp (D:5)
  2 ufetubi (D:6)
  A dart slug (D:1)
  2 ribbon worms
  10 orcs
  4 endoplasms
  4 giant cockroaches
  13 goblins
  9 hobgoblins
  6 jackals
  13 kobolds
  6 quokkas
  2 ball pythons
  7 bats
  4 frilled lizards (D:2)
  11 rats
133 creatures vanquished.

Vanquished Creatures (others)
  2 sleepcaps (D:6)
  An iguana (D:6)
3 creatures vanquished.

Grand Total: 136 creatures vanquished

Notes
Turn   | Place    | Note
-------+----------+-------------------------------------------
     0 | D:1      | bobo the Gnoll Hunter began the quest for the Orb.
     0 | D:1      | Reached XP level 1. HP: 20/20 MP: 1/1
    85 | D:1      | Reached XP level 2. HP: 26/26 MP: 2/2
   262 | D:1      | Reached XP level 3. HP: 31/31 MP: 3/3
   316 | D:1      | Reached skill level 1 in Invocations
   788 | D:2      | Reached skill level 1 in Short Blades
   788 | D:2      | Reached skill level 1 in Long Blades
   788 | D:2      | Reached skill level 1 in Axes
   788 | D:2      | Reached skill level 1 in Maces & Flails
   788 | D:2      | Reached skill level 1 in Polearms
   788 | D:2      | Reached skill level 1 in Staves
   788 | D:2      | Reached skill level 1 in Throwing
   788 | D:2      | Reached skill level 1 in Armour
   788 | D:2      | Reached skill level 1 in Shields
   788 | D:2      | Reached skill level 1 in Unarmed Combat
   788 | D:2      | Reached skill level 1 in Spellcasting
   788 | D:2      | Reached skill level 1 in Evocations
   825 | D:2      | Reached skill level 1 in Shapeshifting
   825 | D:2      | Reached XP level 4. HP: 38/38 MP: 5/5
   828 | D:2      | Noticed Jessica
   831 | D:2      | Killed Jessica
   832 | D:2      | Reached skill level 1 in Conjurations
   832 | D:2      | Reached skill level 1 in Hexes
   832 | D:2      | Reached skill level 1 in Summonings
   832 | D:2      | Reached skill level 1 in Necromancy
   832 | D:2      | Reached skill level 1 in Translocations
   832 | D:2      | Reached skill level 1 in Fire Magic
   832 | D:2      | Reached skill level 1 in Ice Magic
   832 | D:2      | Reached skill level 1 in Air Magic
   832 | D:2      | Reached skill level 1 in Earth Magic
   832 | D:2      | Reached skill level 1 in Alchemy
  1050 | D:2      | Reached XP level 5. HP: 43/43 MP: 7/7
  1157 | D:2      | Noticed Terence
  1172 | D:2      | Killed Terence
  1335 | D:3      | Found a runed translucent gate.
  1335 | D:3      | Found a runed translucent gate.
  1336 | D:3      | Found a runed translucent gate.
  1363 | D:3      | Noticed turdburglar's ghost (amateur MfSh)
  1784 | D:3      | Noticed an ogre
  2254 | D:4      | Noticed a phantom
  2266 | D:4      | Killed a phantom
  2267 | D:4      | Reached skill level 5 in Fighting
  2267 | D:4      | Reached skill level 5 in Dodging
  2267 | D:4      | Reached XP level 6. HP: 48/51 MP: 8/8
  2373 | D:4      | Found a glowing silver altar of Zin.
  2377 | D:4      | Noticed an angel
  2399 | D:4      | Noticed a black bear
  2401 | D:4      | Noticed Eustachio
  2405 | D:4      | Killed a black bear
  2488 | D:4      | Gained mutation: You are weak. (Str -2) [potion of
                  | mutation]
  2488 | D:4      | Gained mutation: Your mind is acute. (Int +4, Str/Dex -1)
                  | [potion of mutation]
  2488 | D:4      | Gained mutation: You are clumsy. (Dex -2) [potion of
                  | mutation]
  2488 | D:4      | Gained mutation: Your natural rate of healing is unusually
                  | fast. [potion of mutation]
  2491 | D:4      | Killed Eustachio
  2492 | D:4      | Reached XP level 7. HP: 16/56 MP: 10/10
  2946 | D:4      | Identified the +1 buckler of the Game of Life {Will+}
  3067 | D:4      | Found a shadowy altar of Dithmenos.
  3087 | D:4      | Reached skill level 9 in Ranged Weapons
  3226 | D:5      | Entered Level 5 of the Dungeon
  3392 | D:5      | Found a hazy altar of Hepliaklqana.
  3464 | D:5      | Reached XP level 8. HP: 63/63 MP: 12/12
  3595 | D:5      | Found a snail-covered altar of Cheibriados.
  3658 | D:5      | Found a blossoming altar of Fedhas.
  3680 | D:5      | Noticed an oklob plant
  3687 | D:5      | Became a worshipper of Fedhas Madash
  4074 | D:6      | Noticed Menkaure
  4276 | D:6      | Learned a level 3 spell: Confusing Touch
  4301 | D:6      | Found a staircase to the Ecumenical Temple.
  4618 | D:6      | Killed Menkaure
  4622 | D:6      | Reached XP level 9. HP: 66/69 MP: 14/14
  4783 | D:5      | Slain by an orc warrior

Illustrated notes

Levels and vault maps discovered:
D:1:      ncdulo_halloftheorcs, layout_basic, minmay_hedge_maze,
          chequers_big_river, minmay_crystal_water
D:2:      layout_rooms, uniq_jessica, uniq_terence
D:3:      layout_basic, gammafunk_ghost_icy, minmay_ogre_servants
D:4:      layout_basic, mainiacjoe_overflow_small_starburst, zin_angel,
          st_stairs_9, minmay_misc_feat_encased, uniq_eustachio
D:5:      layout_cave_pools, tgw_fedhas, overflow_temple_1_default,
          mainiacjoe_overflow_six_doors_small
D:6:      layout_rooms, minmay_temple_entry_poolview, minivault_14,
          lightli_minifort, uniq_menkaure

Skill      XL: |  1  2  3  4  5  6  7  8  9 |
---------------+----------------------------+-----
Invocations    | 1 2 3 4 |  4.4
Short Blades   | 1 2 3 4 |  4.0
Long Blades    | 1 2 3 4 |  4.0
Axes           | 1 2 3 4 |  4.0
Maces & Flails | 1 2 3 4 |  4.0
Polearms       | 1 2 3 4 |  4.0
Staves         | 1 2 3 4 |  4.0
Throwing       | 1 2 3 4 |  4.0
Armour         | 1 2 3 4 |  4.0
Shields        | 1 2 3 4 |  4.0
Unarmed Combat | 1 2 3 4 |  4.0
Spellcasting   | 1 2 3 4 |  4.0
Evocations     | 1 2 3 4 |  4.0
Shapeshifting  | 1 2 3 |  3.6
Conjurations   | 1 2 3 |  3.3
Hexes          | 1 2 3 |  3.3
Summonings     | 1 2 3 |  3.3
Necromancy     | 1 2 3 |  3.3
Translocations | 1 2 3 |  3.3
Fire Magic     | 1 2 3 |  3.3
Ice Magic      | 1 2 3 |  3.3
Air Magic      | 1 2 3 |  3.3
Earth Magic    | 1 2 3 |  3.3
Alchemy        | 1 2 3 |  3.3
Fighting       | 5 6 |  6.2
Dodging        | 5 6 |  6.2
Stealth        | 3 4 |  4.7
Ranged Weapons | 9 |  9.5

Action                     |  1- 3 |  4- 6 |  7- 9 || total
---------------------------+-------+-------+-------++-------
  Melee: Dagger            |    27 |       |       ||    27
         Bite              |     6 |     7 |     7 ||    20
         Short sword       |     5 |    63 |   109 ||   177
         Punch             |       |     2 |     3 ||     5
   Fire: Shortbow          |    60 |       |       ||    60
         Sling             |    30 |   107 |   232 ||   369
  Evoke: Wand              |       |       |     1 ||     1
    Use: Scroll            |       |     2 |     8 ||    10
         Potion            |       |     6 |     1 ||     7
 Armour: Leather armour    |    29 |    48 |   129 ||   206
  Dodge: Dodged            |    33 |    76 |   111 ||   220
  Block: Other             |       |    21 |    48 ||    69
         Reflection        |       |       |     5 ||     5
